Map: Old Republic LE

Players

Cypem

  • Race: Zerg Zerg
  • League: Grandmaster
  • Spawn Location: 7:00

A.I. 1 (Very Easy) - Winner!

  • Race: Terran Terran
  • Spawn Location: 1:00

VOD

Have the link to the VOD?

Description

Най добрия зерг яуиин

Time

  • Played on: Jan. 14, 2026, 4:22 a.m.
  • Length: 6:08
Show
View Real Time Build Order
Export as new Build Order

Cypem Zerg 

Build Orders: Hatch First 

Get SALT Encoding   

  12  0:00  Drone  
  13  0:08  Drone  
  14  0:14  Extractor, Drone  
  15  0:21  Overlord  
  15  0:40  Drone  
  16  0:45  Hatchery  
  16  0:49  Drone  
  16  0:52  Drone  
  16  0:56  Drone  
  18  1:06  Extractor  
  17  1:11  Spawning Pool  
  17  1:14  Drone  
  17  1:17  Drone  
  18  1:26  Drone  
  19  1:37  Drone  
  20  1:48  Drone  
  21  1:58  Queen x2  
  21  1:59  Zergling x4  
  27  2:11  Drone  
  27  2:12  Overlord  
  27  2:14  Metabolic Boost  
  28  2:28  Hatchery  
  27  2:30  Drone  
  27  2:33  Drone  
  27  2:34  Drone  
  30  2:38  Drone  
  31  2:44  Queen  
  31  2:50  Overlord  
  33  2:51  Drone  
  33  2:57  Drone  
  35  2:59  Overlord  
  35  3:06  Drone  
  35  3:11  Drone x3  
  40  3:12  Drone  
  40  3:13  Drone x2  
  40  3:14  Drone  
  43  3:21  Queen  
  45  3:27  Queen  
  45  3:32  Overlord  
  47  3:36  Zergling x6  
  47  3:40  Zergling x4  
  52  3:48  Overlord  
  52  3:49  Drone x3  
  52  3:52  Drone  
  52  3:55  Drone x2  
  58  4:02  Drone x4  
  62  4:07  Queen  
  64  4:10  Overlord  
  64  4:14  Drone x3  
  67  4:20  Queen  
  67  4:23  Drone x4  
  73  4:27  Lair  
  73  4:31  Spore Crawler  
  73  4:32  Spore Crawler  
  73  4:34  Spore Crawler  
  70  4:38  Drone  
  70  4:39  Drone x3  
  70  4:43  Drone  
  70  4:44  Drone  
  76  4:46  Baneling Nest  
  76  4:47  Queen  
  76  4:52  Drone x2  
  79  4:54  Overlord  
  79  4:56  Drone x2  
  81  5:01  Extractor  
  81  5:02  Evolution Chamber x2  
  81  5:03  Extractor x2  
  81  5:04  Drone x4  
  80  5:08  Overlord  
  80  5:15  Drone  
  80  5:16  Drone x2  
  80  5:19  Drone x2  
  85  5:21  Hatchery  
  84  5:34  Overlord  
  86  5:36  Zergling x16  
  86  5:40  Zergling x6  
  86  5:42  Zergling x2  
Show
View Real Time Build Order
Export as new Build Order

A.I. 1 (Very Easy) Terran - Winner!

Build Orders:  

Get SALT Encoding   

  12  0:00  SCV  
  13  0:13  SCV  
  14  0:18  Supply Depot  
  14  0:37  Refinery  
  14  0:41  Barracks  
  14  1:03  Supply Depot  
  14  1:13  SCV  
  15  1:25  SCV  
  16  1:27  Reaper  
  17  1:37  SCV  
  18  1:49  SCV  
  19  1:59  Marine  
  20  2:01  SCV  
  21  2:13  SCV  
  22  2:26  Orbital Command  
  22  4:21  SCV  
  22  4:48  SCV, Marine  
  22  4:49  Refinery  
  22  4:51  Factory  
  24  4:53  Supply Depot  
  24  5:15  SCV  
  24  5:18  Supply Depot  
  25  5:23  Marine  
  25  5:27  SCV  
  26  5:37  Starport  
  26  5:39  SCV  
  25  5:51  SCV  
  26  5:57  Command Center  
Tags
 
Add a new tag
Caveats
  • Supply blocks, unpowered buildings, or Contaminate may cause inaccurate times.
  • Supply counts are checked every 10 seconds.